 Dungeon Crawl Stone Soup version 0.28.0-43-g3370ac3207 (webtiles) character file.

Game seed: 17559738026690961372

57 damiac the Ruffian (level 4, 0/34 (39) HPs)
             Began as a Naga Transmuter on Mar 20, 2022.
             Slain by Ijyb
             ... wielding a +1 dagger of draining
              (2 damage)
             ... on level 3 of the Dungeon on Mar 24, 2022.
             The game lasted 00:09:07 (2586 turns).

damiac the Ruffian (Naga Transmuter)                Turns: 2586, Time: 00:09:08

HP:   0/34 (39)     AC:  2    Str: 13    XL:     4   Next: 0%
MP:   5/7           EV: 10    Int: 15    God:
Gold: 90            SH:  0    Dex: 11    Spells: 1/7 levels left

rFire   . . .      SeeInvis +     - Unarmed
rCold   . . .      Faith    .   (no shield)
rNeg    . . .      Spirit   .   a - +0 robe
rPois   +          Reflect  .   (helmet currently unavailable)
rElec   .          Harm     .   (no cloak)
rCorr   .          Rampage  .   (no gloves)
Will    .....                   (no barding)
Stlth   ++........              (no amulet)
HPRegen 0.11/turn               (no ring)
MPRegen 0.10/turn               (no ring)

@: short of breath, appendages, heavily drained, very slow
A: horns 2, AC +1, large, see invisible, deformed body, poison resistance,
slowness 2, spit poison 1, naga tail 1
a: Spit Poison, End Transformation


You were on level 3 of the Dungeon.
You had temporarily grown beastly horns.
You visited 1 branch of the dungeon, and saw 3 of its levels.

You collected 90 gold pieces.

Inventory:

Missiles
 f - 2 boomerangs
 l - 76 stones
Armour
 a - a +0 robe (worn)
 b - a +0 kite shield
Scrolls
 e - a scroll of vulnerability
 g - a scroll of teleportation {unknown}
 h - a scroll of enchant armour {unknown}
 j - 2 scrolls of fear
 m - a scroll of blinking {unknown}
Potions
 c - a potion of cancellation
 d - a potion of curing {unknown}
 i - a potion of might {unknown}
 k - a potion of attraction {unknown}


   Skills:
 - Level 1.7 Fighting
 - Level 1.9 Dodging
 - Level 1.8 Stealth
 * Level 0.1 Shields
 * Level 3.7 Unarmed Combat
 - Level 2.0 Spellcasting
 - Level 2.4 Transmutations


You had one spell level left.
You knew the following spells:

 Your Spells              Type           Power      Damage    Failure   Level
a - Beastly Appendage     Tmut           16%        N/A       9%          1
b - Wereblood             Tmut           8%         N/A       13%         2
c - Spider Form           Tmut/Pois      5%         N/A       38%         3

Your spell library contained the following spells:

 Spells                   Type           Power      Damage    Failure   Level
 Ice Form                 Ice/Tmut       5%         N/A       80%         4


Dungeon Overview and Level Annotations

Branches:
Dungeon (3/15)

Altars:

Annotations:
D:3 Ijyb


Innate Abilities, Weirdness & Mutations

You have temporarily grown beastly horns.
Your serpentine skin is tough. (AC +1)
You have supernaturally acute eyesight. (SInv)
Armour fits poorly on your strangely shaped body.
Your system is resistant to poisons. (rPois)
You cover ground very slowly.
You can spit poison.
You have a snake-like lower body.


Message History

You barely miss Ijyb. Your headbutt misses Ijyb.
Ijyb is lightly wounded.
Ijyb looks more healthy.
Ijyb misses you.
Aiming: Spit Poison (1% risk of failure)
Press: ? - help, Shift-Dir - straight line, f - bat, p - Ijyb
Aim: a bat (41% to hit)
The splash of poison hits Ijyb.
Ijyb is poisoned.
Ijyb is moderately wounded.
Ijyb hits you with a +1 dagger of draining.
You feel drained.
You hit Ijyb but do no damage.
Ijyb is moderately wounded.
Ijyb zaps a wand.
You struggle to resist.
You hit Ijyb but do no damage. Your headbutt misses Ijyb.
Ijyb is heavily wounded.
Ijyb hits you with a +1 dagger of draining.
You feel drained.
You hit Ijyb but do no damage.
Ijyb is heavily wounded.
Ijyb hits you with a +1 dagger of draining.
You feel drained.
Your magical contamination has completely faded away.
You hit Ijyb but do no damage.
Ijyb is heavily wounded.
You have got your breath back.
Ijyb hits you with a +1 dagger of draining.
* * * LOW HITPOINT WARNING * * *
You feel drained.
* * * LOW HITPOINT WARNING * * *
Okay, then.
Aiming: Spit Poison (1% risk of failure)
Press: ? - help, Shift-Dir - straight line, f/p - bat
Aim: a bat (41% to hit)
The splash of poison hits Ijyb.
Ijyb looks even sicker.
Ijyb is severely wounded.
Ijyb screams, "Me very upset!"
Ijyb hits you with a +1 dagger of draining.
* * * LOW HITPOINT WARNING * * *
You feel drained.
You die...

#.....# #.#
#####.##### #)#
......# #.#
#####.##########.#
####............#
#.......#########
##.#####.# .#.#
#.#############
...#
#........@....#
.†.#
#.#.######g##....
...#####...# b# #
.........### ..
#.######## ... ..#
.... .>## .....
<..# .....#
........


You could see Ijyb (very poisoned) and a bat.

Vanquished Creatures
  2 gnolls (D:1)
  An orc (D:3)
  5 endoplasms
  4 goblins
  4 hobgoblins
  3 jackals (D:1)
  4 ball pythons
  4 bats
  A frilled lizard (D:2)
  3 kobolds
  2 rats (D:1)
33 creatures vanquished.

Notes
Turn   | Place    | Note
-------+----------+-------------------------------------------
     0 | D:1      | damiac the Naga Transmuter began the quest for the Orb.
     0 | D:1      | Reached XP level 1. HP: 18/18 MP: 3/3
    28 | D:1      | Reached XP level 2. HP: 15/25 MP: 3/5
    39 | D:1      | Reached skill level 1 in Stealth
   549 | D:1      | Reached XP level 3. HP: 18/31 MP: 4/6
  1336 | D:1      | Learned a level 2 spell: Wereblood
  1554 | D:2      | Learned a level 3 spell: Spider Form
  2527 | D:3      | Reached XP level 4. HP: 39/39 MP: 7/7
  2573 | D:3      | Noticed Ijyb
  2586 | D:3      | Slain by Ijyb

Illustrated notes

Levels and vault maps discovered:
D:1:      zelgadis_glass_arrival_small, layout_rooms
D:2:      layout_basic
D:3:      layout_loops_ring, basic_ecumenical_altar, kennysheep_generic_room_10,
          uniq_ijyb

Skill      XL: |  1  2 |
---------------+-------+-----
Stealth        | 1 |  1.8
Fighting       | |  1.7
Dodging        | |  1.9
Shields        | |  0.1
Unarmed Combat | |  3.7
Spellcasting   | |  2.0
Transmutations | |  2.4

Action                   |  1- 3 |  4- 6 || total
-------------------------+-------+-------++-------
Melee: Unarmed           |    85 |     6 ||    91
       Headbutt          |     6 |       ||     6
       Punch             |     1 |       ||     1
 Cast: Beastly Appendage |     7 |     1 ||     8
 Abil: Spit Poison       |    19 |     3 ||    22
  Use: Scroll            |     3 |       ||     3
 Stab: Sleeping          |     1 |       ||     1
Armor: Robe              |    10 |       ||    10
Dodge: Dodged            |    46 |     3 ||    49
